Oilers vs Sharks
(R1)
Created - June 21, 2022 at 21:05
Goals
|
Oilers |
0 |
3 |
1 |
4 |
Sharks |
0 |
1 |
0 |
1 |
|
Shots
|
Oilers |
12 |
18 |
13 |
43 |
Sharks |
9 |
13 |
6 |
28 |
|
1st period
No Goal
Penalties :
Brandon Dubinsky (S.J) for Roughing (Minor) at 0:13, Oskar Osala (S.J) for Tripping (Minor) at 3:57, Connor McDavid (Edm) for Hooking (Minor) at 11:33, Cam Barker (Edm) for Hooking (Minor) at 17:58
2nd period
1. Oilers , Jake Gardiner 8 (Alex Galchenyuk 50, Connor McDavid 44) at 8:38
2. Sharks , Oskar Osala 8 (Jiri Tlusty 4, Oscar Sundqvist 10) at 9:55
3. Oilers , Tyler Toffoli 29 (Alex Galchenyuk 51, Patrice Bergeron 37) at 17:25 (PP)
4. Oilers , Leon Draisaitl 14 (Rasmus Ristolainen 38, Evander Kane 58) at 19:10
Penalties :
Cam Barker (Edm) for High sticking (Minor) at 0:19, Oskar Osala (S.J) for Hooking (Minor) at 17:10, Wayne Simmonds (S.J) for Cross-checking (Minor) at 19:56
3rd period
5. Oilers , Ted Purcell 7 (Cam Barker 24, Maxim Lapierre 6) at 14:29
Penalties :
Tyler Toffoli (Edm) for Roughing (Minor) at 4:34, Gustav Nyquist (S.J) for Tripping (Minor) at 6:46, Leon Draisaitl (Edm) for Hooking (Minor) at 11:59, Evander Kane (Edm) for Hooking (Minor) at 17:33
Goalie Stats
James Reimer (Edm), 27 saves from 28 shots - (0.964), W, 33-24-9, 60:00 minutes
Philipp Grubauer (S.J), 39 saves from 43 shots - (0.907), L, 30-26-10, 60:00 minutes
Players Stats for Oilers
Player Name G A P +/- PIM S H SB GA TA FO MP PP MP PK MP
------------------------------------------------------------------------------------
Alex Galchenyuk 0 2 2 1 0 5 3 0 1 0 0/1 24:24 4:07 6:19
Cam Barker 0 1 1 1 4 3 1 0 0 0 0/0 27:39 4:49 5:02
Connor McDavid 0 1 1 1 2 4 1 1 0 0 15/27 22:13 4:04 4:17
Conor Sheary 0 0 0 0 0 3 0 0 0 0 0/0 8:29 0:00 0:00
Darnell Nurse 0 0 0 1 0 3 2 2 0 2 0/0 19:26 3:22 4:40
Duncan Keith 0 0 0 0 0 0 1 0 0 0 0/0 10:44 0:00 0:11
Evander Kane 0 1 1 1 2 1 0 0 0 0 0/1 14:43 4:04 0:00
Jake Gardiner 1 0 1 2 0 1 0 1 1 2 0/0 25:56 4:49 7:31
Jordan Caron 0 0 0 -1 0 0 1 0 0 0 2/5 5:55 0:00 0:00
Jussi Jokinen 0 0 0 0 0 0 0 0 0 0 0/0 14:03 0:00 5:16
Leon Draisaitl 1 0 1 2 2 4 1 0 0 0 0/0 15:36 4:04 0:18
Maxim Lapierre 0 1 1 1 0 2 0 0 0 0 6/9 10:41 0:00 1:11
Nail Yakupov 0 0 0 -1 0 0 0 1 0 1 0/0 5:55 0:00 0:00
Patrice Bergeron 0 1 1 1 0 2 1 2 0 0 15/32 21:04 4:07 6:17
Rasmus Ristolainen 0 1 1 0 0 4 1 1 0 0 0/0 24:29 3:22 4:23
Ted Purcell 1 0 1 0 0 5 0 0 0 0 0/0 6:27 0:00 0:01
Tobias Enstrom 0 0 0 0 0 1 2 1 0 1 0/0 12:10 0:00 2:10
Tyler Toffoli 1 0 1 1 2 5 2 1 1 0 1/2 18:05 4:07 0:00
Players Stats for Sharks
Player Name G A P +/- PIM S H SB GA TA FO MP PP MP PK MP
------------------------------------------------------------------------------------
Arturs Kulda 0 0 0 -1 0 1 0 0 0 0 0/0 7:42 0:00 0:00
Ben Lovejoy 0 0 0 0 0 1 0 1 0 3 0/0 29:56 6:36 4:50
Ben Smith 0 0 0 0 0 5 3 0 0 0 3/5 20:19 5:48 0:00
Bobby Butler 0 0 0 -1 0 1 1 0 0 0 0/0 8:48 0:09 0:00
Boone Jenner 0 0 0 -1 0 0 4 0 1 0 7/19 20:35 5:57 2:59
Brandon Dubinsky 0 0 0 0 2 3 0 1 0 0 23/40 24:17 5:48 3:57
Brandon Gormley 0 0 0 0 0 3 1 1 0 0 0/0 29:56 6:36 4:50
Brayden McNabb 0 0 0 -1 0 1 0 2 0 0 0/0 7:42 0:00 0:00
David Booth 0 0 0 0 0 1 0 0 1 0 0/2 25:14 5:48 4:53
Gustav Nyquist 0 0 0 -1 2 2 3 1 0 0 0/0 10:35 0:09 1:02
Jiri Tlusty 0 1 1 0 0 1 0 0 0 0 0/0 4:58 0:00 0:00
Karl Alzner 0 0 0 -1 0 3 2 1 0 0 0/0 22:22 5:18 3:21
Luke Adam 0 0 0 -1 0 0 0 0 0 0 1/4 9:34 0:09 0:40
Oscar Sundqvist 0 1 1 0 0 1 0 1 0 0 3/4 4:58 0:00 0:00
Oskar Osala 1 0 1 0 4 1 0 0 0 0 0/0 4:58 0:00 0:00
Ronalds Kenins 0 0 0 -1 0 4 4 0 2 0 0/1 20:27 5:57 2:51
Steve Eminger 0 0 0 -1 0 0 0 0 0 0 0/0 22:22 5:18 3:21
Wayne Simmonds 0 0 0 -1 2 0 1 0 2 0 1/2 17:01 5:57 0:00
3 Stars
1 - James Reimer (Edm)
2 - Alex Galchenyuk (Edm)
3 - Jake Gardiner (Edm)
Power Play
Oilers - 1 on 4 Attempt(s) - 25.00%
Sharks - 0 on 7 Attempt(s) - 0.00%
Penalty Kill
Oilers - 7 on 7 Attempt(s) - 100.00%
- Score 0 goal in Penalty Kill
Sharks - 3 on 4 Attempt(s) - 75.00%
- Score 0 goal in Penalty Kill
Team Stat
Oilers - Hits : 16 - Faceoff Wins : 39 - Blocked Shots : 10 - Penalty Minutes : 12
Sharks - Hits : 19 - Faceoff Wins : 38 - Blocked Shots : 8 - Penalty Minutes : 10
Official
Referees : Brian Pochmara and Ian Walsh
Linesman : Kiel Murchison and Steve Miller
Game Notes
15:54 of 3rd period - Penalty Shot by Rasmus Ristolainen for Oilers - Stopped by Philipp Grubauer
Finance
Level 1 -- Attendance: 5436 (90.60%) -- Ticket Income $543,600
Level 2 -- Attendance: 4833 (96.66%) -- Ticket Income $289,980
Level 3 -- Attendance: 1804 (90.20%) -- Ticket Income $63,140
Level 4 -- Attendance: 4000 (100.00%) -- Ticket Income $100,000
Luxury Box -- Attendance: 854 (85.40%) -- Ticket Income $170,800
Game was played at the SAP Center.
Total Attendance: 16927 (94.04%)
Total Ticket Income: $1,167,520
Other Income: $175,128
Total Income: $1,342,648
Oilers
5 vs 5 Forward
Center Left Wing Right Wing Time % Phy DF OF
1 Connor McDavid Alex Galchenyuk Tyler Toffoli 40 1 2 2
2 Patrice Bergeron Leon Draisaitl Evander Kane 30 1 2 2
3 Maxim Lapierre Jussi Jokinen Conor Sheary 20 1 2 2
4 Jordan Caron Ted Purcell Nail Yakupov 10 1 2 2
5 vs 5 Defense
Defense Defense Time % Phy DF OF
1 Rasmus Ristolainen Cam Barker 40 1 2 2
2 Darnell Nurse Jake Gardiner 30 1 2 2
3 Tobias Enstrom Duncan Keith 20 1 2 2
4 Duncan Keith Jake Gardiner 10 1 2 2
PowerPlay Forward
Center Left Wing Right Wing Time % Phy DF OF
1 Patrice Bergeron Alex Galchenyuk Tyler Toffoli 60 1 2 2
2 Connor McDavid Leon Draisaitl Evander Kane 40 1 2 2
PowerPlay Defense
Defense Defense Time % Phy DF OF
1 Jake Gardiner Cam Barker 60 1 2 2
2 Darnell Nurse Rasmus Ristolainen 40 1 2 2
Penalty Kill 4 Players Forward
Center Wing Time % Phy DF OF
1 Patrice Bergeron Alex Galchenyuk 60 1 2 2
2 Connor McDavid Jussi Jokinen 40 1 2 2
Penalty Kill 4 Players Defense
Defense Defense Time % Phy DF OF
1 Jake Gardiner Cam Barker 60 1 2 2
2 Darnell Nurse Rasmus Ristolainen 40 1 2 2
Penalty Kill - 3 Players Forward
Forward Time % Phy DF OF
1 Patrice Bergeron 60 1 2 2
2 Connor McDavid 40 1 2 2
Penalty Kill - 3 Players Defense
Defense Defense Time % Phy DF OF
1 Jake Gardiner Cam Barker 60 1 2 2
2 Darnell Nurse Rasmus Ristolainen 40 1 2 2
4 vs 4 Forward
Center Wing Time % Phy DF OF
1 Patrice Bergeron Alex Galchenyuk 60 1 2 2
2 Connor McDavid Jussi Jokinen 40 1 2 2
4 vs 4 Defense
Defense Defense Time % Phy DF OF
1 Jake Gardiner Cam Barker 60 1 2 2
2 Darnell Nurse Rasmus Ristolainen 40 1 2 2
Last Minutes Offensive
Center Left Wing Right Wing Defense Defense
Patrice Bergeron Alex Galchenyuk Evander Kane Jake Gardiner Cam Barker
Last Minutes Defensive
Center Left Wing Right Wing Defense Defense
Patrice Bergeron Alex Galchenyuk Evander Kane Jake Gardiner Cam Barker
Goaltenders
Starting : James Reimer
Backup : Jonas Hiller
Extra Forwards
Normal : Patrice Bergeron, Connor McDavid, Leon Draisaitl - PP : Patrice Bergeron, Connor McDavid - PK : Patrice Bergeron
Extra Defensemen
Normal : Tobias Enstrom, Jake Gardiner, Duncan Keith - PP : Tobias Enstrom - PK : Tobias Enstrom, Jake Gardiner
Penalty Shots
Evander Kane, Alex Galchenyuk, Tyler Toffoli, Jussi Jokinen, Patrice Bergeron
Scratches
Andy Rogers (Healthy), Ryan Nugent-Hopkins (Strained Right Elbow Injury)
Sharks
5 vs 5 Forward
Center Left Wing Right Wing Time % Phy DF OF
1 Brandon Dubinsky David Booth Ben Smith 40 1 2 2
2 Boone Jenner Ronalds Kenins Wayne Simmonds 30 1 2 2
3 Luke Adam Gustav Nyquist Bobby Butler 20 1 2 2
4 Oscar Sundqvist Jiri Tlusty Oskar Osala 10 1 2 2
5 vs 5 Defense
Defense Defense Time % Phy DF OF
1 Ben Lovejoy Brandon Gormley 40 1 2 2
2 Karl Alzner Steve Eminger 30 1 2 2
3 Arturs Kulda Brayden McNabb 20 1 2 2
4 Ben Lovejoy Brandon Gormley 10 1 2 2
PowerPlay Forward
Center Left Wing Right Wing Time % Phy DF OF
1 Brandon Dubinsky David Booth Ben Smith 60 1 2 2
2 Boone Jenner Ronalds Kenins Wayne Simmonds 40 1 2 2
PowerPlay Defense
Defense Defense Time % Phy DF OF
1 Ben Lovejoy Brandon Gormley 60 1 2 2
2 Karl Alzner Steve Eminger 40 1 2 2
Penalty Kill 4 Players Forward
Center Wing Time % Phy DF OF
1 Brandon Dubinsky David Booth 60 1 4 0
2 Boone Jenner Ronalds Kenins 40 1 4 0
Penalty Kill 4 Players Defense
Defense Defense Time % Phy DF OF
1 Ben Lovejoy Brandon Gormley 60 1 4 0
2 Karl Alzner Steve Eminger 40 1 4 0
Penalty Kill - 3 Players Forward
Forward Time % Phy DF OF
1 Brandon Dubinsky 60 1 4 0
2 Boone Jenner 40 1 4 0
Penalty Kill - 3 Players Defense
Defense Defense Time % Phy DF OF
1 Ben Lovejoy Brandon Gormley 60 1 4 0
2 Karl Alzner Steve Eminger 40 1 4 0
4 vs 4 Forward
Center Wing Time % Phy DF OF
1 Brandon Dubinsky David Booth 60 1 2 2
2 Boone Jenner Ronalds Kenins 40 1 2 2
4 vs 4 Defense
Defense Defense Time % Phy DF OF
1 Ben Lovejoy Brandon Gormley 60 1 2 2
2 Karl Alzner Steve Eminger 40 1 2 2
Last Minutes Offensive
Center Left Wing Right Wing Defense Defense
Brandon Dubinsky David Booth Ben Smith Ben Lovejoy Brandon Gormley
Last Minutes Defensive
Center Left Wing Right Wing Defense Defense
Brandon Dubinsky David Booth Ben Smith Ben Lovejoy Brandon Gormley
Goaltenders
Starting : Philipp Grubauer
Backup : Anders Lindback
Extra Forwards
Normal : Ronalds Kenins, Boone Jenner, Bobby Butler - PP : Ronalds Kenins, Boone Jenner - PK : Ronalds Kenins
Extra Defensemen
Normal : Steve Eminger, Arturs Kulda, Brayden McNabb - PP : Steve Eminger - PK : Steve Eminger, Arturs Kulda
Penalty Shots
Ben Smith, Wayne Simmonds, David Booth, Brandon Dubinsky, Ronalds Kenins
Scratches
Alexander Steen (Healthy), Dion Phaneuf (Broken Right Foot Toe Injury), Mike Lundin (Lacerated Left Calf Injury), Tyler Cuma (Suspend), Zach Boychuk (Healthy)
% Time on Ice - Oilers
Lines # - Real PCT - Wanted PCT - Time Play
Normal Forward
1 - 38% - 40% - 15:02
2 - 26% - 30% - 10:29
3 - 21% - 20% - 8:29
4 - 15% - 10% - 5:55
Normal Defense
1 - 45% - 40% - 18:00
2 - 29% - 30% - 11:24
3 - 24% - 20% - 9:25
4 - 3% - 10% - 1:06
PP Forward
1 - 50% - 60% - 4:07
2 - 50% - 40% - 4:04
PP Defense
1 - 59% - 60% - 4:49
2 - 41% - 40% - 3:22
PK Forward
1 - 73% - 60% - 8:43
2 - 27% - 40% - 3:11
PK Defense
1 - 65% - 60% - 7:42
2 - 35% - 40% - 4:12
PK3 Forward
1 - 0% - 60%
2 - 0% - 40%
PK3 Defense
1 - 0% - 60%
2 - 0% - 40%
44 Forward
1 - 0% - 60%
2 - 0% - 40%
44 Defense
1 - 0% - 60%
2 - 0% - 40%
Last Minute Offensive - 0:00
Last Minute Defensive - 0:00
Total
Forward - 60:00
Defense - 60:00
|
% Time on Ice - Sharks
Lines # - Real PCT - Wanted PCT - Time Play
Normal Forward
1 - 39% - 40% - 15:26
2 - 29% - 30% - 11:39
3 - 20% - 20% - 7:52
4 - 12% - 10% - 4:58
Normal Defense
1 - 41% - 40% - 16:12
2 - 34% - 30% - 13:43
3 - 19% - 20% - 7:42
4 - 6% - 10% - 2:18
PP Forward
1 - 50% - 60% - 5:57
2 - 50% - 40% - 5:57
PP Defense
1 - 55% - 60% - 6:36
2 - 45% - 40% - 5:18
PK Forward
1 - 68% - 60% - 5:32
2 - 32% - 40% - 2:39
PK Defense
1 - 59% - 60% - 4:50
2 - 41% - 40% - 3:21
PK3 Forward
1 - 0% - 60%
2 - 0% - 40%
PK3 Defense
1 - 0% - 60%
2 - 0% - 40%
44 Forward
1 - 0% - 60%
2 - 0% - 40%
44 Defense
1 - 0% - 60%
2 - 0% - 40%
Last Minute Offensive - 0:00
Last Minute Defensive - 0:00
Total
Forward - 60:00
Defense - 60:00
|
Play-by-Play
1st period
0:01 of 1st period - Ben Smith wins face-off versus Connor McDavid in neutral zone.
0:06 of 1st period - Icing by Cam Barker.
0:07 of 1st period - Tyler Toffoli wins face-off versus Brandon Dubinsky in Oilers zone.
0:13 of 1st period - Minor Penalty to Brandon Dubinsky for Roughing.
0:14 of 1st period - Patrice Bergeron wins face-off versus David Booth in Sharks zone.
0:26 of 1st period - Snap shot by Alex Galchenyuk.
0:26 of 1st period - Shot Blocked by Brandon Gormley.
0:30 of 1st period - Snap shot by Alex Galchenyuk.
0:30 of 1st period - Deflect By Patrice Bergeron.
0:30 of 1st period - Stopped by Philipp Grubauer with a rebound.
2:05 of 1st period - Ronalds Kenins is hit by Darnell Nurse and loses puck.
2:13 of 1st period - Penalty to Brandon Dubinsky is over, Brandon Dubinsky is back on ice.
3:02 of 1st period - Wrist shot by Luke Adam.
3:02 of 1st period - Deflect By Gustav Nyquist.
3:02 of 1st period - Shot Misses the Net.
3:02 of 1st period - Puck is out of play.
3:03 of 1st period - Maxim Lapierre wins face-off versus Luke Adam in Oilers zone.
3:57 of 1st period - Minor Penalty to Oskar Osala for Tripping.
3:58 of 1st period - Patrice Bergeron wins face-off versus Brandon Dubinsky in Sharks zone.
4:01 of 1st period - Snap shot by Tyler Toffoli.
4:01 of 1st period - Stopped by Philipp Grubauer with a rebound.
4:03 of 1st period - Slapshot by Cam Barker.
4:03 of 1st period - Deflect By Brandon Gormley.
4:03 of 1st period - Stopped by Philipp Grubauer without a rebound.
4:04 of 1st period - Brandon Dubinsky wins face-off versus Patrice Bergeron in Sharks zone.
4:39 of 1st period - Snap shot by Alex Galchenyuk.
4:39 of 1st period - Stopped by Philipp Grubauer with a rebound.
4:41 of 1st period - Slapshot by Tyler Toffoli.
4:41 of 1st period - Stopped by Philipp Grubauer with a rebound.
4:43 of 1st period - Wrist shot by Patrice Bergeron.
4:43 of 1st period - Shot Misses the Net.
4:45 of 1st period - Slapshot by Cam Barker.
4:45 of 1st period - Stopped by Philipp Grubauer without a rebound.
4:46 of 1st period - Connor McDavid wins face-off versus Brandon Dubinsky in Sharks zone.
5:27 of 1st period - Slapshot by Ronalds Kenins.
5:27 of 1st period - Shot Misses the Net.
5:57 of 1st period - Penalty to Oskar Osala is over, Oskar Osala is back on ice.
6:04 of 1st period - Snap shot by Gustav Nyquist.
6:04 of 1st period - Shot Misses the Net.
6:14 of 1st period - Slapshot by Conor Sheary.
6:14 of 1st period - Stopped by Philipp Grubauer with a rebound.
6:32 of 1st period - Snap shot by Ted Purcell.
6:32 of 1st period - Stopped by Philipp Grubauer without a rebound.
6:33 of 1st period - Maxim Lapierre wins face-off versus Boone Jenner in Sharks zone.
6:36 of 1st period - Snap shot by Conor Sheary.
6:36 of 1st period - Stopped by Philipp Grubauer without a rebound.
6:37 of 1st period - Wayne Simmonds wins face-off versus Maxim Lapierre in Sharks zone.
7:36 of 1st period - Arturs Kulda is hit by Duncan Keith and loses puck.
7:47 of 1st period - Off-side.
7:48 of 1st period - Brandon Dubinsky wins face-off versus Patrice Bergeron in neutral zone.
8:15 of 1st period - Cam Barker is hit by Karl Alzner and loses puck.
8:52 of 1st period - Snap shot by Gustav Nyquist.
8:52 of 1st period - Stopped by James Reimer with a rebound.
9:12 of 1st period - Icing by Brandon Gormley.
9:13 of 1st period - Ben Smith wins face-off versus Patrice Bergeron in Sharks zone.
9:35 of 1st period - Icing by Brandon Gormley.
9:36 of 1st period - Brandon Dubinsky wins face-off versus Connor McDavid in Sharks zone.
9:40 of 1st period - Off-side.
9:41 of 1st period - Brandon Dubinsky wins face-off versus Connor McDavid in neutral zone.
10:32 of 1st period - Bobby Butler is hit by Jordan Caron and loses puck.
10:43 of 1st period - Snap shot by Gustav Nyquist.
10:43 of 1st period - Stopped by James Reimer without a rebound.
10:44 of 1st period - Connor McDavid wins face-off versus Ben Smith in Oilers zone.
10:49 of 1st period - Wrist shot by Alex Galchenyuk.
10:49 of 1st period - Shot Misses the Net.
10:51 of 1st period - Snap shot by Darnell Nurse.
10:51 of 1st period - Stopped by Philipp Grubauer with a rebound.
10:59 of 1st period - Slapshot by Connor McDavid.
10:59 of 1st period - Shot Misses the Net.
11:01 of 1st period - Slapshot by Darnell Nurse.
11:01 of 1st period - Deflect By Connor McDavid.
11:01 of 1st period - Shot Misses the Net.
11:01 of 1st period - Puck is out of play.
11:02 of 1st period - Boone Jenner wins face-off versus Patrice Bergeron in Sharks zone.
11:07 of 1st period - Slapshot by Brandon Gormley.
11:07 of 1st period - Stopped by James Reimer without a rebound.
11:08 of 1st period - Patrice Bergeron wins face-off versus Boone Jenner in Oilers zone.
11:19 of 1st period - Slapshot by Evander Kane.
11:19 of 1st period - Stopped by Philipp Grubauer without a rebound.
11:20 of 1st period - Brandon Dubinsky wins face-off versus Connor McDavid in Sharks zone.
11:20 of 1st period - Brandon Dubinsky is hit by Tyler Toffoli.
11:33 of 1st period - Minor Penalty to Connor McDavid for Hooking.
11:34 of 1st period - Brandon Dubinsky wins face-off versus Patrice Bergeron in Oilers zone.
11:38 of 1st period - Wrist shot by Ben Smith.
11:38 of 1st period - Stopped by James Reimer without a rebound.
11:39 of 1st period - Patrice Bergeron wins face-off versus Brandon Dubinsky in Oilers zone.
11:44 of 1st period - Jake Gardiner is hit by Ben Smith and loses puck.
12:23 of 1st period - Snap shot by Jussi Jokinen.
12:23 of 1st period - Deflect By Maxim Lapierre.
12:23 of 1st period - Deflect By Ben Lovejoy.
12:23 of 1st period - Stopped by Philipp Grubauer with a rebound.
13:33 of 1st period - Penalty to Connor McDavid is over, Connor McDavid is back on ice.
13:41 of 1st period - Nail Yakupov is hit by Gustav Nyquist and loses puck.
13:54 of 1st period - Brayden McNabb is hit by Tobias Enstrom and loses puck.
15:17 of 1st period - Slapshot by Brandon Gormley.
15:17 of 1st period - Stopped by James Reimer with a rebound.
16:21 of 1st period - Slapshot by Conor Sheary.
16:21 of 1st period - Shot Misses the Net.
16:23 of 1st period - Slapshot by Cam Barker.
16:23 of 1st period - Deflect By Maxim Lapierre.
16:23 of 1st period - Shot Blocked by Brayden McNabb.
16:23 of 1st period - Puck is out of play.
16:24 of 1st period - Maxim Lapierre wins face-off versus Boone Jenner in Sharks zone.
16:29 of 1st period - Slapshot by Conor Sheary.
16:29 of 1st period - Deflect By Jussi Jokinen.
16:29 of 1st period - Shot Blocked by Brayden McNabb.
16:29 of 1st period - Puck is out of play.
16:30 of 1st period - Patrice Bergeron wins face-off versus Ronalds Kenins in Sharks zone.
16:57 of 1st period - Snap shot by Ronalds Kenins.
16:57 of 1st period - Stopped by James Reimer with a rebound.
17:23 of 1st period - Snap shot by Brandon Dubinsky.
17:23 of 1st period - Deflect By Ben Smith.
17:23 of 1st period - Stopped by James Reimer without a rebound.
17:24 of 1st period - Brandon Dubinsky wins face-off versus Patrice Bergeron in Oilers zone.
17:35 of 1st period - Snap shot by Ben Smith.
17:35 of 1st period - Stopped by James Reimer with a rebound.
17:37 of 1st period - Snap shot by Ben Smith.
17:37 of 1st period - Shot Misses the Net.
17:39 of 1st period - Snap shot by Brandon Dubinsky.
17:39 of 1st period - Stopped by James Reimer with a rebound.
17:58 of 1st period - Minor Penalty to Cam Barker for Hooking.
17:59 of 1st period - Patrice Bergeron wins face-off versus Boone Jenner in Oilers zone.
17:59 of 1st period - Patrice Bergeron is hit by Ronalds Kenins.
18:24 of 1st period - Jake Gardiner is hit by Ben Smith and loses puck.
18:29 of 1st period - Wrist shot by Ben Smith.
18:29 of 1st period - Shot Misses the Net.
18:31 of 1st period - Slapshot by Brandon Dubinsky.
18:31 of 1st period - Shot Blocked by Jake Gardiner.
18:33 of 1st period - Slapshot by David Booth.
18:33 of 1st period - Shot Misses the Net.
19:58 of 1st period - Penalty to Cam Barker is over, Cam Barker is back on ice.
Goals for this period are 0 for Oilers vs 0 for Sharks.
Shots for this period are 12 for Oilers vs 9 for Sharks.
2nd period
0:01 of 2nd period - Brandon Dubinsky wins face-off versus Tyler Toffoli in neutral zone.
0:19 of 2nd period - Minor Penalty to Cam Barker for High sticking.
0:20 of 2nd period - Brandon Dubinsky wins face-off versus Patrice Bergeron in Oilers zone.
0:20 of 2nd period - Wrist shot by Ben Smith.
0:20 of 2nd period - Stopped by James Reimer without a rebound.
0:21 of 2nd period - Brandon Dubinsky wins face-off versus Patrice Bergeron in Oilers zone.
0:56 of 2nd period - Off-side.
0:57 of 2nd period - Connor McDavid wins face-off versus Boone Jenner in neutral zone.
1:04 of 2nd period - Snap shot by Connor McDavid.
1:04 of 2nd period - Shot Blocked by Karl Alzner.
1:06 of 2nd period - Backhand shot by Tobias Enstrom.
1:06 of 2nd period - Stopped by Philipp Grubauer without a rebound.
1:07 of 2nd period - Boone Jenner wins face-off versus Patrice Bergeron in Sharks zone.
1:50 of 2nd period - Snap shot by Wayne Simmonds.
1:50 of 2nd period - Shot Blocked by Darnell Nurse.
2:19 of 2nd period - Penalty to Cam Barker is over, Cam Barker is back on ice.
2:23 of 2nd period - Jussi Jokinen is hit by Ben Smith and loses puck.
2:44 of 2nd period - Snap shot by Ted Purcell.
2:44 of 2nd period - Stopped by Philipp Grubauer without a rebound.
2:45 of 2nd period - Jordan Caron wins face-off versus Luke Adam in Sharks zone.
2:52 of 2nd period - Slapshot by Rasmus Ristolainen.
2:52 of 2nd period - Deflect By Ben Lovejoy.
2:52 of 2nd period - Stopped by Philipp Grubauer with a rebound.
2:54 of 2nd period - Slapshot by Rasmus Ristolainen.
2:54 of 2nd period - Deflect By Ted Purcell.
2:54 of 2nd period - Shot Hit the Post.
2:54 of 2nd period - Puck is out of play.
2:55 of 2nd period - Connor McDavid wins face-off versus Luke Adam in Sharks zone.
3:33 of 2nd period - Snap shot by Connor McDavid.
3:33 of 2nd period - Shot Blocked by Ben Lovejoy.
3:49 of 2nd period - Slapshot by Rasmus Ristolainen.
3:49 of 2nd period - Stopped by Philipp Grubauer without a rebound.
3:50 of 2nd period - Brandon Dubinsky wins face-off versus Evander Kane in Sharks zone.
3:55 of 2nd period - Wrist shot by Leon Draisaitl.
3:55 of 2nd period - Shot Misses the Net.
3:57 of 2nd period - Wrist shot by Patrice Bergeron.
3:57 of 2nd period - Stopped by Philipp Grubauer with a rebound.
4:21 of 2nd period - Off-side.
4:22 of 2nd period - Maxim Lapierre wins face-off versus Boone Jenner in neutral zone.
4:37 of 2nd period - Snap shot by Conor Sheary.
4:37 of 2nd period - Shot Misses the Net.
4:54 of 2nd period - Off-side.
4:55 of 2nd period - Connor McDavid wins face-off versus Brandon Dubinsky in neutral zone.
5:00 of 2nd period - Slapshot by Darnell Nurse.
5:00 of 2nd period - Stopped by Philipp Grubauer without a rebound.
5:01 of 2nd period - Brandon Dubinsky wins face-off versus Connor McDavid in Sharks zone.
5:28 of 2nd period - Wrist shot by Tyler Toffoli.
5:28 of 2nd period - Deflect By Alex Galchenyuk.
5:28 of 2nd period - Shot Misses the Net.
5:28 of 2nd period - Puck is out of play.
5:29 of 2nd period - Patrice Bergeron wins face-off versus Boone Jenner in Sharks zone.
5:30 of 2nd period - Slapshot by Rasmus Ristolainen.
5:30 of 2nd period - Deflect By Leon Draisaitl.
5:30 of 2nd period - Shot Misses the Net.
5:30 of 2nd period - Puck is out of play.
5:31 of 2nd period - Patrice Bergeron wins face-off versus Wayne Simmonds in Sharks zone.
5:54 of 2nd period - Icing by Leon Draisaitl.
5:55 of 2nd period - Brandon Dubinsky wins face-off versus Patrice Bergeron in Oilers zone.
5:56 of 2nd period - Snap shot by Brandon Gormley.
5:56 of 2nd period - Shot Misses the Net.
6:03 of 2nd period - Off-side.
6:04 of 2nd period - Connor McDavid wins face-off versus Brandon Dubinsky in neutral zone.
6:07 of 2nd period - Wrist shot by Darnell Nurse.
6:07 of 2nd period - Stopped by Philipp Grubauer with a rebound.
6:09 of 2nd period - Snap shot by Tyler Toffoli.
6:09 of 2nd period - Stopped by Philipp Grubauer without a rebound.
6:10 of 2nd period - Brandon Dubinsky wins face-off versus Connor McDavid in Sharks zone.
6:17 of 2nd period - Snap shot by Connor McDavid.
6:17 of 2nd period - Stopped by Philipp Grubauer without a rebound.
6:18 of 2nd period - Brandon Dubinsky wins face-off versus Connor McDavid in Sharks zone.
6:18 of 2nd period - Brandon Dubinsky is hit by Alex Galchenyuk.
6:29 of 2nd period - Brandon Gormley is hit by Alex Galchenyuk and loses puck.
6:52 of 2nd period - Wrist shot by Jussi Jokinen.
6:52 of 2nd period - Shot Misses the Net.
7:14 of 2nd period - Snap shot by Wayne Simmonds.
7:14 of 2nd period - Shot Misses the Net.
7:16 of 2nd period - Slapshot by Ronalds Kenins.
7:16 of 2nd period - Stopped by James Reimer with a rebound.
7:18 of 2nd period - Wrist shot by Ronalds Kenins.
7:18 of 2nd period - Shot Misses the Net.
7:20 of 2nd period - Slapshot by Ronalds Kenins.
7:20 of 2nd period - Stopped by James Reimer without a rebound.
7:21 of 2nd period - Boone Jenner wins face-off versus Connor McDavid in Oilers zone.
7:22 of 2nd period - Wrist shot by Wayne Simmonds.
7:22 of 2nd period - Shot Misses the Net.
7:48 of 2nd period - Cam Barker is hit by Bobby Butler and loses puck.
7:58 of 2nd period - Wrist shot by Evander Kane.
7:58 of 2nd period - Shot Blocked by Gustav Nyquist.
8:34 of 2nd period - Slapshot by Connor McDavid.
8:34 of 2nd period - Shot Blocked by Oscar Sundqvist.
8:36 of 2nd period - Wrist shot by Alex Galchenyuk.
8:36 of 2nd period - Shot Misses the Net.
8:38 of 2nd period - Slapshot by Jake Gardiner.
8:38 of 2nd period - Goal by Jake Gardiner - Oilers : 1 - Sharks : 0.
8:39 of 2nd period - Brandon Dubinsky wins face-off versus Alex Galchenyuk in neutral zone.
9:13 of 2nd period - Wrist shot by Boone Jenner.
9:13 of 2nd period - Shot Blocked by Patrice Bergeron.
9:49 of 2nd period - Slapshot by Brayden McNabb.
9:49 of 2nd period - Stopped by James Reimer without a rebound.
9:50 of 2nd period - Oscar Sundqvist wins face-off versus Jordan Caron in Oilers zone.
9:55 of 2nd period - Snap shot by Oskar Osala.
9:55 of 2nd period - Goal by Oskar Osala - Oilers : 1 - Sharks : 1.
9:56 of 2nd period - Brandon Dubinsky wins face-off versus Connor McDavid in neutral zone.
10:05 of 2nd period - Wrist shot by Brandon Dubinsky.
10:05 of 2nd period - Deflect By Ben Smith.
10:05 of 2nd period - Shot Misses the Net.
10:05 of 2nd period - Puck is out of play.
10:06 of 2nd period - Brandon Dubinsky wins face-off versus Connor McDavid in Oilers zone.
10:17 of 2nd period - Snap shot by Brandon Dubinsky.
10:17 of 2nd period - Shot Misses the Net.
10:19 of 2nd period - Wrist shot by Brandon Dubinsky.
10:19 of 2nd period - Shot Blocked by Connor McDavid.
10:21 of 2nd period - Wrist shot by Brandon Dubinsky.
10:21 of 2nd period - Stopped by James Reimer with a rebound.
10:23 of 2nd period - Slapshot by Ben Lovejoy.
10:23 of 2nd period - Shot Blocked by Rasmus Ristolainen.
10:25 of 2nd period - Snap shot by David Booth.
10:25 of 2nd period - Stopped by James Reimer with a rebound.
10:27 of 2nd period - Slapshot by Ben Lovejoy.
10:27 of 2nd period - Stopped by James Reimer without a rebound.
10:28 of 2nd period - Patrice Bergeron wins face-off versus Boone Jenner in Oilers zone.
10:28 of 2nd period - Patrice Bergeron is hit by Boone Jenner.
10:41 of 2nd period - Jake Gardiner is hit by Boone Jenner and loses puck.
10:59 of 2nd period - Slapshot by Rasmus Ristolainen.
10:59 of 2nd period - Deflect By Steve Eminger.
10:59 of 2nd period - Stopped by Philipp Grubauer with a rebound.
11:01 of 2nd period - Slapshot by Cam Barker.
11:01 of 2nd period - Stopped by Philipp Grubauer without a rebound.
11:02 of 2nd period - Connor McDavid wins face-off versus Brandon Dubinsky in Sharks zone.
11:05 of 2nd period - Snap shot by Alex Galchenyuk.
11:05 of 2nd period - Stopped by Philipp Grubauer with a rebound.
12:27 of 2nd period - Jake Gardiner is hit by Gustav Nyquist.
12:46 of 2nd period - Snap shot by Brandon Gormley.
12:46 of 2nd period - Shot Misses the Net.
13:19 of 2nd period - Snap shot by Conor Sheary.
13:19 of 2nd period - Stopped by Philipp Grubauer without a rebound.
13:20 of 2nd period - Ben Smith wins face-off versus Connor McDavid in Sharks zone.
13:35 of 2nd period - Ben Smith is hit by Tyler Toffoli and loses puck.
14:03 of 2nd period - Snap shot by Brandon Dubinsky.
14:03 of 2nd period - Stopped by James Reimer with a rebound.
14:05 of 2nd period - Slapshot by Karl Alzner.
14:05 of 2nd period - Deflect By Evander Kane.
14:05 of 2nd period - Stopped by James Reimer with a rebound.
14:07 of 2nd period - Slapshot by Steve Eminger.
14:07 of 2nd period - Shot Blocked by Tobias Enstrom.
14:09 of 2nd period - Backhand shot by Brandon Dubinsky.
14:09 of 2nd period - Shot Blocked by Patrice Bergeron.
14:17 of 2nd period - Karl Alzner is hit by Tobias Enstrom and loses puck.
14:45 of 2nd period - Slapshot by Karl Alzner.
14:45 of 2nd period - Stopped by James Reimer with a rebound.
14:47 of 2nd period - Slapshot by Karl Alzner.
14:47 of 2nd period - Deflect By Ted Purcell.
14:47 of 2nd period - Stopped by James Reimer without a rebound.
14:48 of 2nd period - Boone Jenner wins face-off versus Jordan Caron in Oilers zone.
15:14 of 2nd period - Icing by Nail Yakupov.
15:15 of 2nd period - Luke Adam wins face-off versus Jordan Caron in Oilers zone.
15:16 of 2nd period - Wrist shot by Bobby Butler.
15:16 of 2nd period - Stopped by James Reimer with a rebound.
15:40 of 2nd period - Snap shot by Nail Yakupov.
15:40 of 2nd period - Shot Misses the Net.
15:58 of 2nd period - Slapshot by Jake Gardiner.
15:58 of 2nd period - Deflect By Ted Purcell.
15:58 of 2nd period - Deflect By Gustav Nyquist.
15:58 of 2nd period - Shot Misses the Net.
15:58 of 2nd period - Puck is out of play.
15:59 of 2nd period - Boone Jenner wins face-off versus Connor McDavid in Sharks zone.
16:26 of 2nd period - Ben Lovejoy is hit by Rasmus Ristolainen and loses puck.
17:10 of 2nd period - Minor Penalty to Oskar Osala for Hooking.
17:11 of 2nd period - Patrice Bergeron wins face-off versus Brandon Dubinsky in Sharks zone.
17:25 of 2nd period - Snap shot by Tyler Toffoli.
17:25 of 2nd period - Goal by Tyler Toffoli - Oilers : 2 - Sharks : 1.
17:26 of 2nd period - Connor McDavid wins face-off versus Brandon Dubinsky in neutral zone.
17:29 of 2nd period - Slapshot by Connor McDavid.
17:29 of 2nd period - Stopped by Philipp Grubauer without a rebound.
17:30 of 2nd period - Connor McDavid wins face-off versus Brandon Dubinsky in Sharks zone.
17:58 of 2nd period - Ben Lovejoy is hit by Patrice Bergeron and loses puck.
18:18 of 2nd period - Off-side.
18:19 of 2nd period - Oscar Sundqvist wins face-off versus Maxim Lapierre in neutral zone.
19:08 of 2nd period - Slapshot by Rasmus Ristolainen.
19:08 of 2nd period - Stopped by Philipp Grubauer with a rebound.
19:10 of 2nd period - Slapshot by Leon Draisaitl.
19:10 of 2nd period - Goal by Leon Draisaitl - Oilers : 3 - Sharks : 1.
19:11 of 2nd period - Connor McDavid wins face-off versus Brandon Dubinsky in neutral zone.
19:23 of 2nd period - Ben Lovejoy is hit by Alex Galchenyuk and loses puck.
19:43 of 2nd period - Ronalds Kenins is hit by Darnell Nurse and loses puck.
19:56 of 2nd period - Minor Penalty to Wayne Simmonds for Cross-checking.
19:57 of 2nd period - Brandon Dubinsky wins face-off versus Patrice Bergeron in Sharks zone.
Goals for this period are 3 for Oilers vs 1 for Sharks.
Shots for this period are 18 for Oilers vs 13 for Sharks.
3rd period
0:01 of 3rd period - Brandon Dubinsky wins face-off versus Patrice Bergeron in neutral zone.
0:04 of 3rd period - Snap shot by Brandon Gormley.
0:04 of 3rd period - Shot Blocked by Tyler Toffoli.
1:56 of 3rd period - Penalty to Wayne Simmonds is over, Wayne Simmonds is back on ice.
2:27 of 3rd period - Off-side.
2:28 of 3rd period - Jordan Caron wins face-off versus Boone Jenner in neutral zone.
2:35 of 3rd period - Snap shot by Ted Purcell.
2:35 of 3rd period - Stopped by Philipp Grubauer without a rebound.
2:36 of 3rd period - Maxim Lapierre wins face-off versus Brandon Dubinsky in Sharks zone.
2:41 of 3rd period - Snap shot by Conor Sheary.
2:41 of 3rd period - Shot Misses the Net.
2:43 of 3rd period - Slapshot by Jake Gardiner.
2:43 of 3rd period - Shot Blocked by Brandon Dubinsky.
2:54 of 3rd period - Off-side.
2:55 of 3rd period - Connor McDavid wins face-off versus Boone Jenner in neutral zone.
3:07 of 3rd period - Snap shot by Alex Galchenyuk.
3:07 of 3rd period - Stopped by Philipp Grubauer without a rebound.
3:08 of 3rd period - Connor McDavid wins face-off versus Ben Smith in Sharks zone.
3:15 of 3rd period - Slapshot by Connor McDavid.
3:15 of 3rd period - Shot Misses the Net.
3:17 of 3rd period - Snap shot by Connor McDavid.
3:17 of 3rd period - Stopped by Philipp Grubauer with a rebound.
3:19 of 3rd period - Wrist shot by Alex Galchenyuk.
3:19 of 3rd period - Stopped by Philipp Grubauer with a rebound.
3:34 of 3rd period - Icing by Connor McDavid.
3:35 of 3rd period - Patrice Bergeron wins face-off versus Boone Jenner in Oilers zone.
4:02 of 3rd period - Brandon Dubinsky is hit by Cam Barker and loses puck.
4:34 of 3rd period - Minor Penalty to Tyler Toffoli for Roughing.
4:35 of 3rd period - Brandon Dubinsky wins face-off versus Patrice Bergeron in Oilers zone.
4:48 of 3rd period - Slapshot by Brandon Gormley.
4:48 of 3rd period - Stopped by James Reimer without a rebound.
4:49 of 3rd period - Brandon Dubinsky wins face-off versus Patrice Bergeron in Oilers zone.
6:16 of 3rd period - Jussi Jokinen is hit by Ronalds Kenins and loses puck.
6:34 of 3rd period - Penalty to Tyler Toffoli is over, Tyler Toffoli is back on ice.
6:46 of 3rd period - Minor Penalty to Gustav Nyquist for Tripping.
6:47 of 3rd period - Patrice Bergeron wins face-off versus Brandon Dubinsky in Sharks zone.
6:48 of 3rd period - Snap shot by Alex Galchenyuk.
6:48 of 3rd period - Stopped by Philipp Grubauer with a rebound.
7:29 of 3rd period - Rasmus Ristolainen is hit by Ronalds Kenins and loses puck.
7:54 of 3rd period - Snap shot by Connor McDavid.
7:54 of 3rd period - Stopped by Philipp Grubauer with a rebound.
8:34 of 3rd period - Snap shot by Leon Draisaitl.
8:34 of 3rd period - Stopped by Philipp Grubauer without a rebound.
8:35 of 3rd period - Boone Jenner wins face-off versus Patrice Bergeron in Sharks zone.
8:44 of 3rd period - Tyler Toffoli is hit by Karl Alzner and loses puck.
8:46 of 3rd period - Penalty to Gustav Nyquist is over, Gustav Nyquist is back on ice.
9:31 of 3rd period - Slapshot by Jiri Tlusty.
9:31 of 3rd period - Stopped by James Reimer with a rebound.
9:33 of 3rd period - Snap shot by Oscar Sundqvist.
9:33 of 3rd period - Stopped by James Reimer without a rebound.
9:34 of 3rd period - Maxim Lapierre wins face-off versus Oscar Sundqvist in Oilers zone.
9:59 of 3rd period - Ted Purcell is hit by Gustav Nyquist and loses puck.
10:04 of 3rd period - Slapshot by Luke Adam.
10:04 of 3rd period - Shot Misses the Net.
10:06 of 3rd period - Slapshot by Ben Lovejoy.
10:06 of 3rd period - Shot Blocked by Nail Yakupov.
10:18 of 3rd period - Slapshot by Tyler Toffoli.
10:18 of 3rd period - Stopped by Philipp Grubauer with a rebound.
11:06 of 3rd period - Wrist shot by Ronalds Kenins.
11:06 of 3rd period - Stopped by James Reimer with a rebound.
11:10 of 3rd period - Backhand shot by Ronalds Kenins.
11:10 of 3rd period - Shot Blocked by Darnell Nurse.
11:31 of 3rd period - Icing by Steve Eminger.
11:32 of 3rd period - Oscar Sundqvist wins face-off versus Maxim Lapierre in Sharks zone.
11:46 of 3rd period - Snap shot by Rasmus Ristolainen.
11:46 of 3rd period - Shot Misses the Net.
11:59 of 3rd period - Minor Penalty to Leon Draisaitl for Hooking.
12:00 of 3rd period - Patrice Bergeron wins face-off versus Brandon Dubinsky in Oilers zone.
13:08 of 3rd period - Patrice Bergeron is hit by Boone Jenner and loses puck.
13:59 of 3rd period - Penalty to Leon Draisaitl is over, Leon Draisaitl is back on ice.
14:25 of 3rd period - Slapshot by Ted Purcell.
14:25 of 3rd period - Stopped by Philipp Grubauer with a rebound.
14:27 of 3rd period - Wrist shot by Maxim Lapierre.
14:27 of 3rd period - Stopped by Philipp Grubauer with a rebound.
14:29 of 3rd period - Slapshot by Cam Barker.
14:29 of 3rd period - Deflect By Ted Purcell.
14:29 of 3rd period - Goal by Ted Purcell - Oilers : 4 - Sharks : 1.
14:30 of 3rd period - Connor McDavid wins face-off versus Brandon Dubinsky in neutral zone.
14:56 of 3rd period - Patrice Bergeron is hit by Ronalds Kenins and loses puck.
15:08 of 3rd period - Icing by Tobias Enstrom.
15:09 of 3rd period - Brandon Dubinsky wins face-off versus Patrice Bergeron in Oilers zone.
15:10 of 3rd period - Backhand shot by Ben Smith.
15:10 of 3rd period - Stopped by James Reimer with a rebound.
15:12 of 3rd period - Slapshot by Brayden McNabb.
15:12 of 3rd period - Shot Misses the Net.
15:14 of 3rd period - Slapshot by Brayden McNabb.
15:14 of 3rd period - Shot Misses the Net.
15:16 of 3rd period - Slapshot by Arturs Kulda.
15:16 of 3rd period - Stopped by James Reimer without a rebound.
15:17 of 3rd period - Connor McDavid wins face-off versus David Booth in Oilers zone.
15:54 of 3rd period - Penalty Shot by Rasmus Ristolainen for Oilers.
15:54 of 3rd period - Snap shot by Rasmus Ristolainen.
15:54 of 3rd period - Stopped by Philipp Grubauer.
15:55 of 3rd period - Connor McDavid wins face-off versus Brandon Dubinsky in Oilers zone.
15:59 of 3rd period - Darnell Nurse is hit by Brandon Gormley and loses puck.
16:26 of 3rd period - Slapshot by Leon Draisaitl.
16:26 of 3rd period - Stopped by Philipp Grubauer with a rebound.
16:28 of 3rd period - Snap shot by Leon Draisaitl.
16:28 of 3rd period - Stopped by Philipp Grubauer without a rebound.
16:29 of 3rd period - Boone Jenner wins face-off versus Patrice Bergeron in Sharks zone.
16:29 of 3rd period - Boone Jenner is hit by Leon Draisaitl.
16:45 of 3rd period - Snap shot by Ronalds Kenins.
16:45 of 3rd period - Shot Misses the Net.
17:30 of 3rd period - Off-side.
17:31 of 3rd period - Patrice Bergeron wins face-off versus Boone Jenner in neutral zone.
17:33 of 3rd period - Minor Penalty to Evander Kane for Hooking.
17:34 of 3rd period - Patrice Bergeron wins face-off versus Brandon Dubinsky in Oilers zone.
18:05 of 3rd period - Cam Barker is hit by Boone Jenner and loses puck.
18:46 of 3rd period - Ronalds Kenins is hit by Connor McDavid.
19:02 of 3rd period - Cam Barker is hit by Wayne Simmonds and loses puck.
19:33 of 3rd period - Penalty to Evander Kane is over, Evander Kane is back on ice.
Goals for this period are 1 for Oilers vs 0 for Sharks.
Shots for this period are 13 for Oilers vs 6 for Sharks.